General information
- name: BNet
- type: Ladder team game (AT/RT)
- host: Battle.net
- saver: OUCH!
map: Deathknell
- players: 8
- length: 48:51
- speed: Fast
- version: 1.28 W3XP
- replay type: Public
» download(391 KB)
Players
team 1 (loser)

»
Deyada (
teal | 52 APM | 2517 actions | 48:49)
8 Archmage
3 Summon Water Elemental
3 Brilliance Aura
1 Mass Teleport
1 Blizzard
4 Mountain King
2 Storm Bolt
1 Bash
1 Thunder Clap
» actions
| Assign group hotkey | 37 | |
| Basic commands | 97 | |
| Build / train | 133 | |
| Enter build submenu | 57 | |
| Enter hero's abilities submenu | 12 | |
| Remove unit from queue | 5 | |
| Right click | 1054 | |
| Select / deselect | 736 | |
| Select group hotkey | 267 | |
| Use ability | 117 | |
2517 total
» units
| Peasant | 12 | |
| Footman | 7 | |
| Goblin Shredder | 1 | |
| Siege Engine | 30 | |
| Priest | 7 | |
| Sorceress | 1 | |
| Mortar Team | 9 | |
| Rifleman | 2 | |
| Ice Troll Trapper | 1 | |
| Ice Troll Berserker | 1 | |
| Mud Golem | 1 | |
72 total
» upgrades
| Masonry | 3 | |
| Plating | 3 | |
| Gunpowder | 3 | |
| Lumber Harvesting | 2 | |
| Magic Sentry | 1 | |
| Priest Training | 2 | |
| Sorceress Training | 2 | |
| Barrage | 1 | |
| Fragmentation Shards | 1 | |
| Armor | 2 | |
| Swords | 0 | |
20 total
» buildings
| Altar of Kings | 1 | |
| Farm | 11 | |
| Barracks | 1 | |
| Scout Tower | 18 | |
| Arcane Tower | 2 | |
| Arcane Vault | 1 | |
| Blacksmith | 1 | |
| Keep | 2 | |
| Lumber Mill | 1 | |
| Guard Tower | 12 | |
| Arcane Sanctum | 2 | |
| Castle | 2 | |
| Town Hall | 6 | |
| Workshop | 5 | |
65 total
» build order
00:07 Altar of Kings
00:10 Farm
00:47 Barracks
00:56 Farm
01:48 Scout Tower
01:53 Scout Tower
02:01 Farm
02:19 Arcane Tower
02:43 Arcane Vault
02:52 Farm
03:05 Scout Tower
03:10 Scout Tower
03:48 Blacksmith
03:58 Farm
04:24 Keep
04:50 Lumber Mill
06:05 Guard Tower
06:08 Farm
07:36 Arcane Sanctum
07:40 Arcane Sanctum
07:47 Castle
08:15 Town Hall
08:19 Scout Tower
08:55 Workshop
09:02 Scout Tower
09:09 Scout Tower
09:13 Scout Tower
09:36 Guard Tower
09:40 Arcane Tower
09:44 Scout Tower
09:47 Guard Tower
10:03 Farm
10:23 Scout Tower
10:25 Guard Tower
10:33 Scout Tower
10:34 Guard Tower
10:42 Farm
11:11 Workshop
11:24 Farm
11:28 Guard Tower
13:33 Farm
16:28 Town Hall
16:45 Keep
19:56 Castle
20:00 Workshop
20:02 Guard Tower
24:02 Scout Tower
26:29 Guard Tower
26:47 Farm
28:09 Town Hall
28:14 Town Hall
28:18 Scout Tower
28:20 Scout Tower
31:50 Workshop
31:52 Guard Tower
33:34 Workshop
33:49 Town Hall
37:08 Scout Tower
37:11 Scout Tower
37:57 Guard Tower
39:38 Town Hall
39:39 Scout Tower
39:42 Scout Tower
40:15 Guard Tower
40:16 Guard Tower
» items
| Scroll of Regeneration | 2 | |
| Mechanical Critter | 1 | |
| Lesser Clarity Potion | 1 | |
4 total
PhantomAzov (
purple | 31 APM | 1528 actions | 48:50)
6 Crypt Lord
3 Carrion Beetles
1 Spiked Carapace
2 Impale
3 Death Knight
2 Unholy Aura
1 Death Coil
» actions
| Build / train | 81 | |
| Enter build submenu | 40 | |
| Enter hero's abilities submenu | 9 | |
| Remove unit from queue | 4 | |
| Right click | 781 | |
| Select / deselect | 538 | |
| Use ability | 73 | |
1528 total
» units
| Acolyte | 13 | |
| Ghoul | 9 | |
| Ice Troll Trapper | 1 | |
| Ice Troll Berserker | 1 | |
| Frost Wyrm | 13 | |
| Troll Headhunter/Berserker | 4 | |
| Gargoyle | 9 | |
50 total
» upgrades
| Creature Attack | 2 | |
| Backpack | 1 | |
| Freezing Breath | 1 | |
| Creature Carapace | 1 | |
5 total
» buildings
| Altar of Darkness | 2 | |
| Crypt | 2 | |
| Ziggurat | 15 | |
| Graveyard | 3 | |
| Halls of the Dead | 2 | |
| Tomb of Relics | 1 | |
| Nerubian Tower | 2 | |
| Black Citadel | 2 | |
| Temple of the Damned | 1 | |
| Necropolis | 2 | |
| Sacrificial Pit | 1 | |
| Boneyard | 4 | |
| Spirit Tower | 3 | |
| Slaughterhouse | 1 | |
41 total
» build order
00:11 Altar of Darkness
00:13 Crypt
00:37 Ziggurat
01:04 Ziggurat
02:20 Graveyard
02:22 Ziggurat
03:07 Halls of the Dead
04:47 Ziggurat
04:49 Ziggurat
04:58 Tomb of Relics
05:45 Nerubian Tower
05:46 Nerubian Tower
05:49 Black Citadel
06:02 Temple of the Damned
07:09 Necropolis
07:44 Ziggurat
07:45 Ziggurat
07:49 Ziggurat
10:18 Ziggurat
10:19 Ziggurat
10:19 Ziggurat
10:31 Sacrificial Pit
11:46 Boneyard
11:48 Boneyard
11:50 Boneyard
11:58 Boneyard
16:13 Spirit Tower
16:14 Spirit Tower
16:23 Spirit Tower
22:35 Slaughterhouse
24:11 Necropolis
26:21 Altar of Darkness
26:24 Ziggurat
26:26 Crypt
26:30 Graveyard
26:31 Halls of the Dead
26:43 Ziggurat
26:46 Ziggurat
38:43 Graveyard
38:46 Ziggurat
38:57 Black Citadel
» items
ELCHAPO35 (
green | 23 APM | 776 actions | 34:27)
4 Demon Hunter
2 Immolation
1 Evasion
1 Mana Burn
» actions
| Basic commands | 1 | |
| Build / train | 69 | |
| ESC pressed | 4 | |
| Enter build submenu | 34 | |
| Enter hero's abilities submenu | 4 | |
| Remove unit from queue | 12 | |
| Right click | 333 | |
| Select / deselect | 277 | |
| Use ability | 42 | |
776 total
» units
| Wisp | 12 | |
| Archer | 12 | |
| Huntress | 13 | |
| Glaive Thrower | 2 | |
| Dryad | 2 | |
| Chimaera | 2 | |
| Hippogryph | 7 | |
50 total
» buildings
| Altar of Elders | 2 | |
| Ancient of War | 2 | |
| Moon Well | 6 | |
| Hunter's Hall | 1 | |
| Ancient of Wonders | 1 | |
| Ancient Protector | 1 | |
| Tree of Ages | 1 | |
| Tree of Life | 2 | |
| Tree of Eternity | 1 | |
| Ancient of Lore | 1 | |
| Ancient of Wind | 1 | |
| Chimaera Roost | 2 | |
21 total
» build order
00:12 Altar of Elders
00:27 Ancient of War
01:01 Moon Well
01:51 Hunter's Hall
01:56 Ancient of Wonders
02:52 Moon Well
04:07 Ancient Protector
04:22 Moon Well
04:29 Tree of Ages
05:26 Moon Well
06:53 Tree of Life
07:55 Tree of Eternity
08:40 Moon Well
09:26 Ancient of Lore
11:49 Ancient of Wind
12:08 Moon Well
14:47 Chimaera Roost
16:04 Chimaera Roost
17:48 Tree of Life
18:34 Altar of Elders
18:45 Ancient of War

»
nickyx (
orange | 50 APM | 1726 actions | 34:29)
7 Far Seer
3 Feral Spirit
3 Chain Lighting
1 Earth Quake
3 Shadow Hunter
2 Healing Wave
1 Serpent Ward
» actions
| Assign group hotkey | 41 | |
| Build / train | 83 | |
| Enter build submenu | 33 | |
| Enter hero's abilities submenu | 11 | |
| Remove unit from queue | 1 | |
| Right click | 619 | |
| Select / deselect | 581 | |
| Select group hotkey | 248 | |
| Use ability | 109 | |
1726 total
» units
| Peon | 21 | |
| Grunt | 10 | |
| Demolisher | 2 | |
| Shaman | 5 | |
| Troll Witch Doctor | 3 | |
| Tauren | 7 | |
| Troll Batrider | 5 | |
53 total
» upgrades
| Melee Weapons | 1 | |
| Berserker Strength | 1 | |
| Spiked Barricades | 1 | |
| Witch Doctor Training | 2 | |
| Armor | 1 | |
| Shaman Training | 2 | |
| Pulverize | 1 | |
| Liquid Fire | 1 | |
10 total
» buildings
| Altar of Storms | 1 | |
| Orc Burrow | 8 | |
| Barracks | 1 | |
| War Mill | 1 | |
| Voodoo Lounge | 1 | |
| Great Hall | 1 | |
| Stronghold | 1 | |
| Spirit Lodge | 2 | |
| Watch Tower | 7 | |
| Fortress | 1 | |
| Tauren Totem | 4 | |
| Beastiary | 3 | |
31 total
» build order
00:05 Altar of Storms
00:12 Orc Burrow
01:07 Barracks
01:24 Orc Burrow
02:03 War Mill
02:55 Orc Burrow
03:50 Voodoo Lounge
05:16 Great Hall
05:20 Stronghold
05:24 Orc Burrow
06:53 Orc Burrow
07:55 Spirit Lodge
07:59 Watch Tower
08:02 Watch Tower
08:06 Watch Tower
08:08 Watch Tower
09:09 Watch Tower
09:15 Watch Tower
09:25 Spirit Lodge
10:18 Fortress
10:27 Watch Tower
10:41 Orc Burrow
11:37 Orc Burrow
11:41 Orc Burrow
12:55 Tauren Totem
12:59 Tauren Totem
13:31 Tauren Totem
13:41 Tauren Totem
16:30 Beastiary
16:30 Beastiary
16:31 Beastiary
» items
| Healing Salve | 3 | |
| Scroll of Town Portal | 2 | |
5 total
team 2 (winner)
OUCH! (
red | 51 APM | 2512 actions | 48:51)
9 Shadow Hunter
3 Hex
3 Serpent Ward
3 Healing Wave
» actions
| Assign group hotkey | 53 | |
| Basic commands | 107 | |
| Build / train | 78 | |
| Enter build submenu | 100 | |
| Enter hero's abilities submenu | 10 | |
| Right click | 1167 | |
| Select / deselect | 523 | |
| Select group hotkey | 229 | |
| Use ability | 245 | |
2512 total
» units
| Peon | 19 | |
| Goblin Shredder | 1 | |
| Wind Rider | 9 | |
| Raider | 8 | |
| Dryad | 2 | |
39 total
» upgrades
| Spiked Barricades | 1 | |
| Ranged Weapons | 3 | |
| Armor | 3 | |
| Reinforced Defenses | 1 | |
| Melee Weapons | 3 | |
| Ensnare | 1 | |
| Pillage | 1 | |
| Druid of the Talon Training | 1 | |
| Reinforced Hides | 1 | |
| Well Spring | 1 | |
16 total
» buildings
| Orc Burrow | 6 | |
| War Mill | 2 | |
| Watch Tower | 66 | |
| Voodoo Lounge | 5 | |
| Stronghold | 1 | |
| Altar of Storms | 1 | |
| Great Hall | 6 | |
| Fortress | 1 | |
| Beastiary | 4 | |
92 total
» build order
00:17 Orc Burrow
01:38 War Mill
01:54 Orc Burrow
02:56 Watch Tower
02:57 Watch Tower
03:02 Watch Tower
03:07 Watch Tower
03:41 Watch Tower
03:42 Watch Tower
03:54 Watch Tower
04:08 Watch Tower
04:11 Watch Tower
04:15 Watch Tower
04:40 Watch Tower
04:43 Watch Tower
05:10 Watch Tower
05:13 Watch Tower
05:14 Watch Tower
05:46 Watch Tower
05:48 Watch Tower
05:54 Voodoo Lounge
05:59 Voodoo Lounge
06:03 Watch Tower
06:46 Stronghold
07:04 Watch Tower
07:07 Watch Tower
07:15 Watch Tower
07:18 Watch Tower
07:33 Watch Tower
07:50 Watch Tower
07:50 Watch Tower
07:51 Watch Tower
07:57 Watch Tower
08:30 Watch Tower
08:42 Altar of Storms
08:47 Watch Tower
08:49 Watch Tower
09:15 Watch Tower
09:26 Watch Tower
09:32 Watch Tower
09:44 Watch Tower
09:50 Watch Tower
10:04 Watch Tower
10:16 Great Hall
10:28 Orc Burrow
10:34 Fortress
10:48 Watch Tower
10:58 Watch Tower
12:18 Watch Tower
12:19 Watch Tower
12:19 Watch Tower
12:20 Watch Tower
12:34 Beastiary
12:34 Beastiary
14:51 War Mill
15:01 Beastiary
15:04 Beastiary
15:19 Orc Burrow
15:27 Orc Burrow
16:19 Orc Burrow
20:35 Watch Tower
20:37 Watch Tower
20:37 Watch Tower
20:39 Watch Tower
20:41 Watch Tower
20:43 Voodoo Lounge
20:52 Voodoo Lounge
26:25 Great Hall
26:27 Watch Tower
26:27 Watch Tower
26:27 Watch Tower
26:37 Watch Tower
27:47 Great Hall
39:34 Great Hall
40:01 Watch Tower
40:01 Watch Tower
40:07 Great Hall
44:12 Watch Tower
44:12 Watch Tower
44:12 Watch Tower
44:13 Watch Tower
45:42 Great Hall
45:45 Watch Tower
45:45 Watch Tower
45:45 Watch Tower
45:48 Watch Tower
45:49 Watch Tower
45:49 Watch Tower
45:50 Watch Tower
45:51 Watch Tower
45:51 Watch Tower
45:52 Voodoo Lounge
» items
| Healing Salve | 2 | |
| Lesser Clarity Potion | 2 | |
| Scroll of Town Portal | 3 | |
| Potion of Healing | 1 | |
| Potion of Mana | 1 | |
| Anti-magic Potion | 1 | |
10 total
MarcoPolo (
blue | 42 APM | 469 actions | 11:13)
3 Priestess of the Moon
2 Trueshot Aura
1 Searing Arrows
» actions
| Assign group hotkey | 15 | |
| Build / train | 74 | |
| ESC pressed | 6 | |
| Enter build submenu | 20 | |
| Enter hero's abilities submenu | 3 | |
| Right click | 133 | |
| Select / deselect | 159 | |
| Select group hotkey | 34 | |
| Use ability | 25 | |
469 total
» units
» upgrades
| Strength of the Wild | 2 | |
| Reinforced Hides | 1 | |
| Abolish Magic | 1 | |
4 total
» buildings
| Altar of Elders | 1 | |
| Moon Well | 8 | |
| Ancient of War | 1 | |
| Hunter's Hall | 1 | |
| Ancient of Wonders | 1 | |
| Tree of Ages | 4 | |
| Ancient Protector | 1 | |
| Tree of Life | 1 | |
| Ancient of Lore | 4 | |
22 total
» build order
00:20 Altar of Elders
00:34 Moon Well
00:49 Ancient of War
01:43 Moon Well
02:27 Hunter's Hall
02:36 Moon Well
03:04 Ancient of Wonders
03:22 Tree of Ages
03:23 Tree of Ages
03:23 Tree of Ages
05:16 Ancient Protector
05:47 Moon Well
06:40 Tree of Life
06:46 Moon Well
07:16 Ancient of Lore
07:43 Moon Well
08:41 Moon Well
08:45 Ancient of Lore
09:18 Ancient of Lore
09:22 Ancient of Lore
10:02 Moon Well
Benik (
yellow | 91 APM | 4467 actions | 48:49)
11 Pandaren Brewmaster
3 Breath of Fire
3 Drunken Haze
2 Storm Earth and Fire
3 Drunken Brawler
1 Priestess of the Moon
1 Searing Arrows
3 Goblin Alchemist
1 Acid Bomb
2 Healing Spray
» actions
| Assign group hotkey | 59 | |
| Basic commands | 235 | |
| Build / train | 133 | |
| ESC pressed | 13 | |
| Enter build submenu | 27 | |
| Enter hero's abilities submenu | 16 | |
| Give item / drop item | 2 | |
| Remove unit from queue | 5 | |
| Right click | 2075 | |
| Select / deselect | 909 | |
| Select group hotkey | 785 | |
| Use ability | 208 | |
4467 total
» units
| Wisp | 22 | |
| Archer | 7 | |
| Goblin Shredder | 1 | |
| Chimaera | 33 | |
| Hippogryph | 10 | |
| Goblin Zeppelin | 1 | |
| Faerie Dragon | 4 | |
| Druid of the Talon | 3 | |
81 total
» upgrades
| Strength of the Wild | 4 | |
| Corrosive Breath | 2 | |
| Reinforced Hides | 1 | |
7 total
» buildings
| Ancient of War | 1 | |
| Moon Well | 10 | |
| Altar of Elders | 1 | |
| Hunter's Hall | 1 | |
| Tree of Ages | 3 | |
| Tree of Eternity | 4 | |
| Ancient of Wind | 7 | |
| Tree of Life | 4 | |
| Chimaera Roost | 11 | |
| Ancient of Wonders | 1 | |
43 total
» build order
00:11 Ancient of War
00:24 Moon Well
01:17 Altar of Elders
01:51 Moon Well
02:55 Hunter's Hall
03:13 Moon Well
03:21 Tree of Ages
03:21 Tree of Ages
03:21 Tree of Ages
03:42 Moon Well
05:20 Moon Well
05:21 Moon Well
05:58 Tree of Eternity
05:58 Tree of Eternity
06:01 Ancient of Wind
06:40 Tree of Life
07:13 Moon Well
07:18 Moon Well
08:34 Chimaera Roost
08:35 Chimaera Roost
08:37 Chimaera Roost
08:40 Chimaera Roost
10:52 Ancient of Wonders
11:18 Ancient of Wind
11:26 Ancient of Wind
11:28 Ancient of Wind
11:29 Ancient of Wind
14:10 Ancient of Wind
14:11 Ancient of Wind
18:04 Tree of Eternity
18:04 Tree of Eternity
25:44 Chimaera Roost
25:44 Chimaera Roost
25:45 Chimaera Roost
26:23 Chimaera Roost
26:24 Chimaera Roost
26:24 Chimaera Roost
26:25 Chimaera Roost
27:30 Tree of Life
28:13 Tree of Life
35:45 Moon Well
35:45 Moon Well
39:23 Tree of Life
» items
| Scroll of Town Portal | 8 | |
| Orb of Venom | 1 | |
9 total
ProGamesChannel (
pink | 28 APM | 821 actions | 29:38)
5 Blademaster
3 Critical Strike
2 Mirror Image
1 Priestess of the Moon
1 Trueshot Aura
2 Dark Ranger
1 Black Arrow
1 Silence
» actions
| Basic commands | 62 | |
| Build / train | 66 | |
| Enter build submenu | 15 | |
| Enter hero's abilities submenu | 8 | |
| Right click | 465 | |
| Select / deselect | 168 | |
| Use ability | 37 | |
821 total
» units
| Grunt | 8 | |
| Peon | 7 | |
| Troll Headhunter/Berserker | 7 | |
| Goblin Shredder | 1 | |
| Demolisher | 2 | |
| Shaman | 3 | |
| Wind Rider | 2 | |
30 total
» upgrades
| Troll Regeneration | 1 | |
| Berserker Strength | 1 | |
| Berserker Upgrade | 1 | |
| Burning Oil | 1 | |
| Pillage | 1 | |
| Melee Weapons | 3 | |
| Ranged Weapons | 3 | |
| Armor | 3 | |
| Spiked Barricades | 3 | |
| Reinforced Defenses | 1 | |
| Shaman Training | 2 | |
| Envenomed Spears | 1 | |
21 total
» buildings
| Orc Burrow | 5 | |
| Altar of Storms | 1 | |
| Barracks | 2 | |
| War Mill | 1 | |
| Voodoo Lounge | 1 | |
| Stronghold | 1 | |
| Fortress | 1 | |
| Spirit Lodge | 1 | |
| Tauren Totem | 1 | |
| Beastiary | 1 | |
| Watch Tower | 6 | |
21 total
» build order
00:07 Orc Burrow
00:14 Altar of Storms
00:19 Barracks
01:03 War Mill
03:59 Barracks
04:03 Voodoo Lounge
04:42 Orc Burrow
04:45 Orc Burrow
07:17 Orc Burrow
07:18 Orc Burrow
07:37 Stronghold
11:19 Fortress
15:10 Spirit Lodge
15:33 Tauren Totem
16:48 Beastiary
19:33 Watch Tower
19:34 Watch Tower
19:35 Watch Tower
19:36 Watch Tower
19:37 Watch Tower
19:39 Watch Tower
» items
| Healing Salve | 1 | |
| Scroll of Town Portal | 1 | |
| Tiny Great Hall | 1 | |
3 total
Chat log
(02:04 / Allies) Benik: Sychara
(04:32 / Allies) Benik: f idiots
(08:08 / Allies) Benik: gold
(09:02 / Allies) Benik: gold
(09:03 / Allies) Benik: plz
(10:18 / Allies) Benik: gold
(11:09 / Allies) Benik: gold plz
(11:13 / Allies) ProGamesChannel: no gold(
(11:23 / Allies) ProGamesChannel: why
(11:58 / Allies) OUCH!: why
(12:00 / Allies) OUCH!: are oyu
(12:02 / Allies) OUCH!: running blue back
(12:09 / Allies) Benik: i come and kill you f noob
(12:21 / Allies) ProGamesChannel: fuck you idiot y
(13:46 / Allies) Benik: ebanie noobi
(14:15 / Allies) Benik: \who control?
(14:16 / Allies) Benik: suckers
(14:19 / Allies) Benik: and control now
(14:21 / Allies) ProGamesChannel: you
(14:21 / Allies) Benik: bitchs
(16:19 / All) OUCH!: jesus
(21:29 / Allies) Benik: gold plz
(23:30 / Allies) OUCH!: JESUS
(25:48 / Allies) Benik: gold
(27:11 / Allies) OUCH!: someone use blue
(27:14 / Allies) OUCH!: and get ground units
(27:16 / All) OUCH!: wow
(27:18 / All) Deyada: gg1v4
(27:19 / All) OUCH!: Every 3 seconds
(27:21 / All) OUCH!: you're such a faggot purple
(27:28 / All) PhantomAzov: wut?
(27:31 / Allies) Benik: gold
(27:32 / All) OUCH!: your lag you queer
(27:39 / All) PhantomAzov: sry:(
(28:18 / Allies) OUCH!: they expo there
(29:15 / Allies) OUCH!: yellow
(29:17 / Allies) OUCH!: did you kill my expo
(29:31 / Allies) OUCH!: you could have had me cancel it oyu retard
(29:45 / Allies) OUCH!: you wasted 400 gold of mine you moron
(29:55 / Allies) OUCH!: Are you literally retarded?
(30:07 / Allies) OUCH!: am
(30:08 / Allies) OUCH!: am
(30:08 / Allies) OUCH!: am
(30:09 / Allies) OUCH!: am
(30:09 / Allies) OUCH!: am
(30:10 / Allies) OUCH!: am
(30:14 / Allies) OUCH!: focus am
(30:15 / Allies) OUCH!: focus am
(30:18 / Allies) OUCH!: f
(30:49 / All) OUCH!: this retard killed one of my expos
(30:51 / All) OUCH!: to take it
(30:57 / All) OUCH!: instead of asking for me to cancel
(31:01 / All) OUCH!: this was after I gave me 1k
(31:12 / All) OUCH!: he can barely speak english and speaks in incoherent threats
(31:53 / Allies) OUCH!: I got a dog's breakfast for teammates
(31:58 / All) PhantomAzov: PEONS
(32:23 / All) OUCH!: pink left with 3400 gold
(32:32 / All) Deyada: stop whining ffs
(32:41 / All) OUCH!: suck my dick you lucky retard
(32:47 / Allies) OUCH!: fpcuis am
(32:48 / Allies) OUCH!: retard
(32:48 / All) Deyada: Lucky?
(32:54 / All) Deyada: Im playing 4v1
(35:24 / Allies) Benik: gold
(35:34 / Allies) OUCH!: hey
(35:36 / Allies) OUCH!: next time
(35:37 / Allies) OUCH!: talk to me
(35:38 / Allies) OUCH!: don't kill my expo
(35:39 / Allies) OUCH!: ok?
(35:43 / Allies) OUCH!: I would have canceled
(35:48 / Allies) OUCH!: you kileld with dryad
(35:50 / Allies) OUCH!: put wisps on it
(35:54 / Allies) Benik: ty
(35:55 / Allies) OUCH!: that was a dick move
(37:42 / All) Benik: hi girl
(38:35 / All) Deyada: so funny that u are whiny bitch in a winning game
(38:38 / All) Deyada: xD
(38:57 / All) OUCH!: a move tank fag LOL
(39:05 / All) Deyada: well spoken
(39:42 / Allies) Benik: go
(39:46 / Allies) Benik: all
(39:59 / Allies) Benik: gold plz
(40:29 / All) Benik: more tower
(40:34 / All) OUCH!: I only got units because yellow said he was gonna kill me after blue left
(41:12 / Allies) OUCH!: b
(41:23 / Allies) OUCH!: take
(42:49 / All) Benik: suckers why you kill my little birds?
(46:24 / Allies) OUCH!: kill the towers
(46:29 / Allies) OUCH!: I'll tank with sh
(48:24 / All) PhantomAzov: GG easy :D
(48:44 / All) OUCH!: tank noob down